 Dungeon Crawl Stone Soup version 0.20.0-15-g7f486f2 (webtiles) character file.

287 NoAnimeNoLife the Cudgeler (level 6, -1/37 HPs)
             Began as a Gargoyle Fighter on June 13, 2017.
             Slain by an orc
             ... wielding a +0 mace
              (5 damage)
             ... on level 3 of the Dungeon.
             The game lasted 00:02:39 (1844 turns).

NoAnimeNoLife the Cudgeler (Gargoyle Fighter)       Turns: 1844, Time: 00:02:40

Health: -1/37      AC: 11    Str: 19    XL:     6   Next: 30%
Magic:  6/6        EV:  8    Int:  9    God:
Gold:   66         SH: 12    Dex: 11    Spells: 5/5 levels left

rFire    . . .     SeeInvis .   a - +0 flail
rCold    . . .     Gourm    .   c - +0 shield
rNeg     + . .     Faith    .   b - +0 scale mail
rPois    ∞         Spirit   .   (no helmet)
rElec    +         Reflect  +   (no cloak)
rCorr    +         Harm     .   (no gloves)
MR       .....                  (no boots)
Stlth    ..........             e - +3 amulet of reflection
Regen    0.2/turn               n - ring of flight
MPRegen  0.1/turn               s - ring of resist corrosion

@: flying
A: negative energy resistance 1, electricity resistance, unbreathing,
petrification resistance, rot immunity, AC +4
a: no special abilities


You were on level 3 of the Dungeon.
You were not hungry.

You visited 1 branch of the dungeon, and saw 3 of its levels.

You collected 66 gold pieces.

Inventory:

Hand Weapons
 a - a +0 flail (weapon)
Armour
 b - a +0 scale mail (worn)
 c - a +0 shield (worn)
Jewellery
 e - a +3 amulet of reflection (around neck)
 n - a ring of flight (left hand)
 s - a ring of resist corrosion (right hand)
Scrolls
 g - 2 scrolls of enchant weapon {unknown}
 i - a scroll of fear {unknown}
 j - 2 scrolls of blinking {unknown}
 k - a scroll of identify {unknown}
Potions
 d - a potion of might
 h - a potion of agility {unknown}
 l - a potion of flight
 m - 2 potions of curing
 o - a potion of heal wounds {unknown}
 p - a potion of brilliance {unknown}
 t - a potion of magic {unknown}
Comestibles
 f - 4 bread rations
 q - 4 meat rations
 r - 8 chunks of flesh


   Skills:
 - Level 3.2 Fighting
 + Level 5.7 Maces & Flails
 - Level 3.2 Armour
 + Level 1.9 Dodging
 + Level 0.8 Stealth
 - Level 3.2 Shields


You had 5 spell levels left.
You didn't know any spells.

Dungeon Overview and Level Annotations

Branches:
Dungeon (3/15)

Altars:
Dithmenos
Qazlal


Innate Abilities, Weirdness & Mutations

You are resistant to torment.
Your stone body is resilient. (AC +4)
You are immune to poison.
You resist negative energy. (rN+)
You are resistant to electric shocks. (rElec)
You can survive without breathing.
You are immune to petrification.
You are immune to rotting.


Message History

Sagitran's ghost is severely damaged.
You block sagitran's ghost's attack.
You hit sagitran's ghost.
Sagitran's ghost is severely damaged.
You block sagitran's ghost's attack.
You hit sagitran's ghost.
Sagitran's ghost is almost destroyed.
You block sagitran's ghost's attack.
Sagitran's ghost ripples.
Sagitran's ghost gestures at you while chanting.
The magic dart hits you!
* * * LOW HITPOINT WARNING * * *
You sock sagitran's ghost!
You destroy sagitran's ghost!
You have reached level 6!
Your experience leads to an increase in your attributes!
Increase (S)trength, (I)ntelligence, or (D)exterity?
You feel agile. The orc hits you with a mace.
You die...

⌠...⌠#.# #...##.# ###
##.###.# #.. ##∩#.#.# #.#
#....∩.# #.# ##∩#.#.# #.#
##.###.# #.# #...##.# #.#
⌠...⌠#.#########@#########.
#...##....)).....o.........
##_###############.#.......
### ##.# ### ### #####


You could see an orc.

Vanquished Creatures
  The ghost of sagitran the Conjurer, an amateur TeCj (D:3)
  Natasha (thrice) (D:2)
  Terence (D:2)
  Robin (D:3)
  3 dart slugs
  2 leopard geckos
  5 giant cockroaches
  14 goblins
  14 hobgoblins
  2 kobolds
  A quokka (D:2)
  A ball python (D:3)
  9 bats
  3 frilled lizards (D:2)
  5 rats
65 creatures vanquished.

Notes
Turn   | Place    | Note
-------+----------+-------------------------------------------
     0 | D:1      | NoAnimeNoLife the Gargoyle Fighter began the quest for the Orb.
     0 | D:1      | Reached XP level 1. HP: 14/14 MP: 1/1
   116 | D:1      | Reached XP level 2. HP: 19/19 MP: 2/2
   210 | D:1      | Reached skill level 3 in Maces & Flails
   497 | D:1      | Reached XP level 3. HP: 22/23 MP: 3/3
   762 | D:2      | Noticed Terence
   770 | D:2      | Killed Terence
   770 | D:2      | Reached skill level 4 in Maces & Flails
   772 | D:2      | Reached XP level 4. HP: 27/28 MP: 4/4
   894 | D:2      | Noticed Natasha
   898 | D:2      | Killed Natasha
   916 | D:2      | Noticed Natasha
   923 | D:2      | Killed Natasha
   945 | D:2      | Noticed Natasha
   981 | D:2      | Killed Natasha
   981 | D:2      | Reached XP level 5. HP: 17/32 MP: 5/5
  1264 | D:2      | Reached skill level 5 in Maces & Flails
  1472 | D:3      | Reached skill level 1 in Dodging
  1630 | D:3      | Found a shadowy altar of Dithmenos.
  1735 | D:3      | Found a stormy altar of Qazlal.
  1735 | D:3      | Found a shadowy altar of Dithmenos.
  1757 | D:3      | Noticed Robin
  1770 | D:3      | Killed Robin
  1810 | D:3      | Noticed sagitran's ghost (amateur TeCj)
  1844 | D:3      | Killed sagitran's ghost
  1844 | D:3      | Reached XP level 6. HP: 4/37 MP: 6/6
  1844 | D:3      | Slain by an orc

Skill      XL: |  1  2  3  4  5 |
---------------+----------------+-----
Maces & Flails | 3 4 5 |  5.7
Dodging        | 1 |  1.9
Fighting       | |  3.2
Armour         | |  3.2
Stealth        | |  0.8
Shields        | |  3.2

Action                   |  1- 3 |  4- 6 || total
-------------------------+-------+-------++-------
Melee: Flail             |    81 |   129 ||   210
  Use: Potion            |       |     2 ||     2
  Eat: Chunk             |       |     3 ||     3
Armor: Scale mail        |    53 |    55 ||   108
Dodge: Dodged            |    32 |    27 ||    59
Block: Shield            |    38 |    75 ||   113
       Reflection        |       |     2 ||     2
